Cogmind - Beta 15 @@@ ROGUE MODE // 2025.09.08 @ 15:59:44 Player: ILikeVoltron Result: Self-destructed Performance ------------- Evolutions (5) 2500 Regions Visited (9) 1800 Robots Destroyed (131) 655 Value Destroyed (3839) 3839 Prototype IDs (11) 220 Alien Tech Used (0) 0 Bonus (397) 397 TOTAL SCORE: 9411 Bonus ------- Follower Combat Kills 397 Cogmind --------- Core Integrity 921/1000 Matter 203/300 Energy 900/900 System Corruption 10% Temperature Critical (578) Movement Treading (240) Ox1 Location -5/Upper Caves Parts ------- > --- POWER (2) -------- F-cell Engine F-cell Engine > --- PROPULSION (4) --- Medium Treads Improved Medium Treads > --- UTILITY (8) ------ High-capacity Storage Unit Advanced Sensor Array IFF Parser Terrain Scan Processor High-powered Tractor Beam > --- WEAPON (3) ------- Tesla Rifle Magnetic Acceleration Cannon Enhanced Gauss Cannon > --- INVENTORY (20) --- F-cell Engine High-capacity Storage Unit Large Matter Pod (107) Improved Trap Scanner Improved Sensor Array Advanced Sensor Array Advanced Terrain Scan Processor Improved Particle Charger Weapon Cycler Improved Transmission Jammer Long-range Proton Cannon Gauss Rifle Heavy Flak Cannon Mini Grenade Launcher Mini Grenade Launcher Mace Peak State ------------ > --- POWER ------------ F-cell Engine F-cell Engine > --- PROPULSION ------- Medium Treads Medium Treads Medium Treads Improved Medium Treads > --- UTILITY ---------- High-capacity Storage Unit Advanced Sensor Array IFF Parser Terrain Scanner Terrain Scan Processor Core Analyzer Phase Shifter Hacking Suite > --- WEAPON ----------- Heavy EM Shotgun Magnetic Acceleration Cannon Enhanced Gauss Cannon > --- INVENTORY -------- F-cell Engine High-capacity Storage Unit Large Matter Pod Improved Trap Scanner Improved Sensor Array Advanced Sensor Array Advanced Terrain Scan Processor Improved Particle Charger Weapon Cycler Improved Transmission Jammer High-powered Tractor Beam Tesla Rifle Long-range Proton Cannon Gauss Rifle Heavy Flak Cannon Mini Grenade Launcher Mini Grenade Launcher Mace [Rating: 77] Favorites ----------- Power F-cell Engine Engine F-cell Engine Power Core Fusion Compressor Propulsion Aluminum Leg Treads Advanced Treads Leg Aluminum Leg Wheel Armored Huge Wheel Utility High-capacity Storage Unit Device Terrain Scanner Storage High-capacity Storage Unit Processor Improved Targeting Computer Hackware Hacking Suite Protection Hardened Light Armor Plating Weapon Light Assault Rifle Energy Gun Heavy EM Shotgun Energy Cannon Advanced Beam Cannon Ballistic Gun Light Assault Rifle Ballistic Cannon Flak Cannon Launcher Mini Grenade Launcher Impact Weapon Mace Build | -11 -10 -9 -9 -8 -8 -7 -6 -5 -5 ------- Run | Yrd Mat Mat Min Mat Sto Fac Fac Fac Upp Slots Evolved 10 | . . 2 . 2 . 2 2 2 . Power 1 | . . . . . . . 1 . . Propulsion 2 | . . 1 . . . . 1 . . Utility 6 | . . 1 . 1 . 2 . 2 . Weapon 1 | . . . . 1 . . . . . Parts Attached 114 | . 6 15 . 14 23 15 32 4 5 Power 13 | . . 1 . 3 2 . 7 . . Engine 9 | . . 1 . 2 1 . 5 . . Core 4 | . . . . 1 1 . 2 . . Reactor . | . . . . . . . . . . Propulsion 26 | . 2 6 . 3 4 4 5 2 . Treads 9 | . . . . . 3 2 2 2 . Leg 14 | . 2 6 . 2 1 2 1 . . Wheel 3 | . . . . 1 . . 2 . . Hover . | . . . . . . . . . . Flight . | . . . . . . . . . . Utility 40 | . 2 4 . 5 4 7 14 1 3 Device 19 | . 2 1 . . 3 2 8 1 2 Storage 3 | . . . . 1 . 1 1 . . Processor 9 | . . 1 . 3 . 2 3 . . Hackware 2 | . . . . . . 1 . . 1 Protection 7 | . . 2 . 1 1 1 2 . . Artifact . | . . . . . . . . . . Weapon 35 | . 2 4 . 3 13 4 6 1 2 Energy Gun 8 | . . . . . 3 3 1 . 1 Energy Cannon 1 | . . . . . 1 . . . . Ballistic Gun 15 | . 1 4 . 2 4 1 3 . . Ballistic Cannon 6 | . . . . 1 2 . 2 . 1 Launcher 4 | . . . . . 3 . . 1 . Special Weapon . | . . . . . . . . . . Impact Weapon 1 | . 1 . . . . . . . . Slashing Weapon . | . . . . . . . . . . Piercing Weapon . | . . . . . . . . . . Special Melee Weapon . | . . . . . . . . . . Unidentified Prototypes 9 | . . . . . 7 1 1 . . Parts Lost 27 | . . 2 . 3 1 3 8 2 8 Power 3 | . . 1 . 2 . . . . . Propulsion 8 | . . . . . . 3 3 . 2 Utility 12 | . . 1 . 1 . . 4 1 5 Weapon 4 | . . . . . 1 . 1 1 1 Highest Loss Streak 7 | . . 1 . 1 1 1 3 1 7 To Critical Strikes . | . . . . . . . . . . Average Backups 15 | 6 7 7 8 15 19 18 19 18 19 Power 1 | 1 1 . . 1 2 2 1 1 1 Propulsion 1 | 4 2 1 1 2 2 1 2 . . Utility 7 | . 2 4 6 7 9 7 9 10 10 Weapon 4 | 1 1 1 1 3 6 7 6 6 7 Tool/Special . | . . . . . . . . . . Unused Backups 32 | 6 7 3 . . 5 . 4 . 7 Power 5 | 1 . 1 . . . . 2 . 1 Propulsion 7 | 2 3 1 . . 1 . . . . Utility 11 | 1 2 1 . . 2 . 1 . 4 Weapon 9 | 2 2 . . . 2 . 1 . 2 Tool/Special . | . . . . . . . . . . Average Slot Usage (%) 93 | . 96 97 100 92 99 98 87 92 82 Engine 8 | . 14 10 11 6 3 7 9 11 11 Core 1 | . . . . 2 5 . 2 . . Treads 9 | . . . . . 20 21 3 22 22 Leg 13 | . 28 31 33 18 4 . 8 . . Wheel 2 | . . . . 8 2 . 5 . . Device 9 | . 10 11 11 4 3 5 9 16 17 Storage 8 | . 14 11 11 9 9 7 6 5 5 Processor 11 | . . . . 10 21 23 13 11 10 Protection 5 | . . 9 11 7 2 6 4 4 . Energy Gun 1 | . 7 . . . 2 1 . 5 5 Ballistic Gun 14 | . 14 18 22 19 15 17 12 4 . Ballistic Cannon 1 | . . . . 3 3 . 1 . . Impact Weapon 3 | . 6 3 . 3 2 2 4 3 . Peak Build Rating 77 | 6 9 13 11 26 39 42 72 75 77 Average Rating 34 | 6 7 11 11 20 31 38 55 72 61 On Entrance 26 | 6 6 9 11 11 26 36 38 60 60 Naked Turns . | . . . . . . . . . . Heaviest Build 99 | 12 16 21 16 70 63 66 99 98 83 Greatest Support 114 | 20 20 30 30 30 66 66 58 114 114 Greatest Overweight (x) 5 | . . 1 . 5 4 1 3 . . Average Overweight (x) . | . . . . 3 1 . 2 . . Largest Inventory Capacity 20 | 8 8 8 8 20 20 20 20 20 20 Average Capacity 16 | 8 8 8 8 19 20 20 20 20 20 Most Carried 20 | 7 8 8 8 20 20 20 20 20 20 Average Carried 15 | 6 7 7 8 15 19 18 19 18 19 Final Capacity 20 | 8 8 8 8 20 20 20 20 20 20 Final Carried 20 | 7 8 8 8 20 20 20 20 20 16 Class Distribution -------------------- 30% | Mutant 27% | Scavenger-Mutant 12% | Gunner 8% | Assassin 7% | Skirmisher 3% | Scavenger-Gunner 3% | Scavenger-Skirmisher Dominant Class ---------------- Mutant | -10/Materials Scavenger-Mutant | -9/Materials Scavenger-Mutant | -9/Mines Scavenger-Gunner | -8/Materials Gunner | -8/Storage Mutant | -7/Factory Scavenger-Mutant | -6/Factory Assassin | -5/Factory Skirmisher | -5/Upper Caves Resources | -11 -10 -9 -9 -8 -8 -7 -6 -5 -5 ----------- Run | Yrd Mat Mat Min Mat Sto Fac Fac Fac Upp Matter Collected 4587 | 212 371 448 57 291 909 386 1427 233 253 Remotely 505 | . . . . . 346 . . . 159 Salvage Created 5031 | 216 410 722 17 420 893 483 1443 241 186 Parts 230 | 19 23 39 . 22 30 32 46 13 6 Haulers Intercepted 8 | . 1 1 . . 4 1 1 . . Recyclers Shooed 7 | 1 . 5 . . . . 1 . . Parts Field Recycled . | . . . . . . . . . . Retrieved Matter . | . . . . . . . . . . Parts Self-Destructed 5 | . . . . . . . . . 5 Prevented 3 | . . . . . . . . . 3 Kills | -11 -10 -9 -9 -8 -8 -7 -6 -5 -5 ------- Run | Yrd Mat Mat Min Mat Sto Fac Fac Fac Upp Combat Hostiles Destroyed 83 | . 6 15 1 12 18 6 18 4 3 Melee 2 | . . 2 . . . . . . . Guns 58 | . 6 12 1 8 9 6 14 1 1 Cannons 16 | . . . . 4 8 . 2 . 2 AOE 6 | . . . . . 1 . 2 3 . Classes Destroyed 15 | 3 5 1 1 1 . 2 1 1 . Worker 11 | 2 3 2 . . . 1 3 . . Builder 9 | . 1 . . . . 4 3 1 . Tunneler 7 | 5 1 1 . . . . . . . Hauler 8 | . 1 1 . . 4 1 1 . . Recycler 9 | 1 1 1 . . 2 . 4 . . Mechanic 1 | . . . . 1 . . . . . Operator 3 | . 1 1 . . 1 . . . . Watcher 1 | . . . . . . . . 1 . Swarmer 15 | . 3 4 . 3 3 . 2 . . Grunt 44 | . 3 10 . 7 13 2 5 4 . Brawler 4 | . . . . . . . 3 . 1 Sentry 10 | . . 1 . 2 2 1 3 . 1 Hunter 4 | . . . . . . 1 2 . 1 Programmer 5 | . . . . . . 2 3 . . Assembled 1 | . . . 1 . . . . . . Best Kill Streak 7 | 4 6 4 1 6 7 2 3 6 2 Combat Bots Only 5 | . 3 3 1 5 5 2 3 4 2 Max Kills in Single Turn 3 | 1 1 1 1 2 3 1 3 3 1 Gunslinging 1 | . . . . 1 . . . . . Exploded 2 | . . . . . 1 . 2 2 . Melee 1 | . . 1 . . . . . . . Uniques/NPCs Destroyed . | . . . . . . . . . . Combat | -11 -10 -9 -9 -8 -8 -7 -6 -5 -5 -------- Run | Yrd Mat Mat Min Mat Sto Fac Fac Fac Upp Hostile Shots Fired 708 | . 25 118 1 89 83 85 230 34 43 Missed 207 | . 6 36 1 30 15 25 73 14 7 Hits 501 | . 19 82 . 59 68 60 157 20 36 Melee 16 | . . . . . . . 10 . 6 Projectile 485 | . 19 82 . 59 68 60 147 20 30 AOE 1 | . . . . . 1 . . . . Critical Strikes 17 | . . . . . 3 3 8 . 3 Damage Taken 7101 | . 185 691 87 793 1048 742 2284 392 879 Core 564 | . 51 45 . 51 98 66 174 20 59 Absorbed by Shields 324 | . . 228 . . 8 . 88 . . Core Remaining (%) 84 | 100 79 . 88 . 72 90 79 . . Volleys Fired 323 | 12 30 71 3 32 62 19 72 9 13 Largest 3 | 2 2 2 2 3 3 3 3 3 3 Hottest 156 | 60 60 43 43 77 107 103 124 110 156 Shots Fired 744 | 24 48 131 6 89 169 58 168 16 35 Gun 622 | 24 48 131 6 64 120 58 144 14 13 Cannon 116 | . . . . 25 48 . 21 . 22 Launcher 6 | . . . . . 1 . 3 2 . Special . | . . . . . . . . . . Kinetic 648 | 12 30 131 6 89 147 44 158 9 22 Thermal 30 | 12 18 . . . . . . . . Explosive 6 | . . . . . 1 . 3 2 . Electromagnetic 60 | . . . . . 21 14 7 5 13 Robot Hit Streak 32 | 9 16 32 2 12 14 9 10 12 14 Robot Miss Streak 8 | 1 6 5 2 7 5 2 7 2 8 Penetration Max 1 | . . . . . . . 1 . . Secondary Targets 5 | . 1 2 . 1 . . 1 . . Max Gunslinging Chain 1 | . 1 1 . 1 . . 1 . . Shots Hit Robots 519 | 19 34 88 3 55 118 44 130 9 19 Core Hits 350 | 11 17 42 2 55 77 15 108 14 9 Critical Kills 2 | . . 1 . . . . 1 . . Critical Parts Destroyed 10 | . 2 1 . . 2 4 1 . . Critical Strikes 14 | . 2 2 . . 2 4 3 . 1 Destroy 5 | . . . . . 1 1 3 . . Blast 1 | . . . . . . . . . 1 Smash 8 | . 2 2 . . 1 3 . . . Melee Attacks 154 | . 11 36 . 4 9 39 34 16 5 Impact 154 | . 11 36 . 4 9 39 34 16 5 Slashing . | . . . . . . . . . . Piercing . | . . . . . . . . . . Sneak Attacks 18 | . 6 1 . . 1 4 6 . . Combat Hostiles . | . . . . . . . . . . Follow-up Attacks . | . . . . . . . . . . Damage Inflicted 10164 | 182 742 1333 31 849 2296 825 2828 518 560 Guns 5436 | 182 295 881 31 300 1065 598 1782 176 126 Cannons 2258 | . . . . 549 991 . 331 . 387 Explosions 834 | . . . . . 171 . 274 342 47 Melee 1629 | . 447 452 . . 62 227 441 . . Ramming 7 | . . . . . 7 . . . . Kinetic 6820 | 61 184 881 31 849 1728 513 2094 92 387 Thermal 355 | 121 111 . . . 42 . . 34 47 Explosive 711 | . . . . . 129 . 274 308 . Electromagnetic 642 | . . . . . 328 85 19 84 126 Impact 1629 | . 447 452 . . 62 227 441 . . Slashing . | . . . . . . . . . . Piercing . | . . . . . . . . . . Highest Corruption 10 | . . . . . . 6 10 1 10 Average Corruption 5 | . . . . . . 3 7 1 1 Corruption Purged 5 | . . . . . . . 5 . . Corruption Blocked . | . . . . . . . . . . Effects 75 | . . . . . . 22 48 . 5 Message Errors 13 | . . . . . . 3 8 . 2 Matter Fused 11 | . . . . . . 5 5 . 1 Heat Flow Errors 10 | . . . . . . 4 6 . . Energy Discharges 12 | . . . . . . 3 8 . 1 Parts Rejected 5 | . . . . . . . 4 . 1 Parts Fused 2 | . . . . . . . 2 . . Data Loss (minor) 10 | . . . . . . 2 8 . . Data Loss (major) 6 | . . . . . . 2 4 . . Misfires 5 | . . . . . . 3 2 . . Weapon Failures 1 | . . . . . . . 1 . . Overload Shots . | . . . . . . . . . . Overflow Damage 741 | . 224 76 . . 62 207 172 . . Projectiles . | . . . . . . . . . . Explosions . | . . . . . . . . . . Melee 741 | . 224 76 . . 62 207 172 . . Knockbacks 61 | . 1 3 . 17 31 1 6 . 2 Impact 9 | . 1 3 . . . 1 4 . . Kinetic 44 | . . . . 17 24 . 1 . 2 Secondary 8 | . . . . . 7 . 1 . . Self-Inflicted Damage 152 | . . . . . 34 . 49 . 69 Shots 3 | . . . . . 1 . 1 . 1 Rammed 1 | . . . . . 1 . . . . Targets Rammed 1 | . . . . . 1 . . . . Kicked . | . . . . . . . . . . Crushed . | . . . . . . . . . . Highest Temperature 578 | 40 58 21 2 217 382 271 188 130 578 Average Temperature 70 | 22 27 4 1 80 96 94 37 46 203 Received Heat Transfer 2037 | . 42 279 . 360 570 276 300 93 117 Effects 9 | . . . . . 2 . . . 7 Interference 2 | . . . . . . . . . 2 Matter Decay 2 | . . . . . 1 . . . 1 Damage (minor) 3 | . . . . . 1 . . . 2 Damage (major) 2 | . . . . . . . . . 2 Siege Activations . | . . . . . . . . . . Martial Activations . | . . . . . . . . . . Shielding Activations . | . . . . . . . . . . Robots Disrupted . | . . . . . . . . . . Combat Hostiles . | . . . . . . . . . . Robots Corrupted 11 | . 4 1 . . 1 1 4 . . Combat Hostiles 1 | . . 1 . . . . . . . Parts Fried 27 | . 7 1 . . 3 4 10 1 1 Impact Corruptions 24 | . 8 2 . . 2 5 7 . . Robots Melted . | . . . . . . . . . . Combat Hostiles . | . . . . . . . . . . Parts Melted 1 | 1 . . . . . . . . . Heat Transferred 675 | 275 250 . . . 50 . . 50 50 Parts Sabotaged . | . . . . . . . . . . Parts Stolen . | . . . . . . . . . . Parts Stripped . | . . . . . . . . . . Power Chain Reactions 3 | . . . . . 1 . . 1 1 Alert | -11 -10 -9 -9 -8 -8 -7 -6 -5 -5 ------- Run | Yrd Mat Mat Min Mat Sto Fac Fac Fac Upp Maximum Alert Level 2 | . . 1 . . 2 1 1 . . Low Security (%) 92 | 100 100 73 100 100 71 93 99 100 . Level 1 5 | . . 26 . . 8 6 . . . Level 2 2 | . . . . . 19 . . . . Level 3 . | . . . . . . . . . . Level 4 . | . . . . . . . . . . Level 5 . | . . . . . . . . . . High Security . | . . . . . . . . . . Max Security . | . . . . . . . . . . Peak Influence 534 | 10 90 260 94 139 534 220 201 123 . Initial 220 | . 6 1 94 5 53 220 12 86 . Average 82 | 3 37 147 15 41 196 55 78 49 . Influence Increases 3424 | 40 256 596 30 333 935 280 691 178 85 Destroy 0b10 Robot/C 1860 | . 120 300 . 240 540 160 360 80 60 Destroy 0b10 Robot/NC 250 | 40 40 30 . 5 40 30 55 10 . Destroy Leader 440 | . 22 82 . 50 120 52 92 12 10 Allied During Kill 154 | . . . . . 141 13 . . . Successful Hack 84 | . 26 5 . 5 14 . 34 . . Select Force Hacks 60 | . . . . . . . 60 . . Disable Machine 165 | . 15 15 . . 45 . 60 30 . Destroy Structure 141 | . 3 14 . 3 20 25 30 46 . Lose Combat Pursuer 270 | . 30 150 30 30 15 . . . 15 Influence Decreases 3424 | 30 261 359 257 219 578 740 539 273 168 Entered New Map 645 | . 4 4 148 10 76 266 14 92 31 Time Decay 2318 | 30 257 335 109 179 372 344 455 161 76 Lost Part 241 | . . 20 . 30 10 30 70 20 61 Lost Ally 220 | . . . . . 120 100 . . . Squads Dispatched 32 | . 2 4 . 1 7 7 10 1 . Investigation 6 | . . 1 . . 2 . 3 . . Extermination 6 | . . . . . . 2 3 1 . Reinforcement 13 | . 2 3 . 1 4 2 1 . . Assault 1 | . . . . . 1 . . . . Garrison 6 | . . . . . . 3 3 . . Intercept . | . . . . . . . . . . Searches Triggered . | . . . . . . . . . . Construction Impeded 1 | . . . . . 1 . . . . Haulers Reinforced 2 | . . . . . . 1 1 . . Active Scanning Responses . | . . . . . . . . . . Cargo Convoy Interrupts 1 | . . . . . . 1 . . . Stealth | -11 -10 -9 -9 -8 -8 -7 -6 -5 -5 --------- Run | Yrd Mat Mat Min Mat Sto Fac Fac Fac Upp Distress Signals 8 | . . 2 . 1 2 2 1 . . Communications Jammed . | . . . . . . . . . . Distress Signals . | . . . . . . . . . . Times Spotted 137 | . 9 31 2 17 32 9 23 7 7 Peak Tracking Total 8 | . 3 7 2 7 8 2 3 4 5 Tactical Retreats 14 | . 1 8 2 1 1 . . . 1 Traps | -11 -10 -9 -9 -8 -8 -7 -6 -5 -5 ------- Run | Yrd Mat Mat Min Mat Sto Fac Fac Fac Upp Traps Triggered 6 | . . . 1 . 1 3 1 . . Indirectly . | . . . . . . . . . . Trap Hack Attempts . | . . . . . . . . . . Triggered . | . . . . . . . . . . Disarmed . | . . . . . . . . . . Reprogrammed . | . . . . . . . . . . Reused . | . . . . . . . . . . Traps Extracted . | . . . . . . . . . . Installed . | . . . . . . . . . . Triggered . | . . . . . . . . . . Machines | -11 -10 -9 -9 -8 -8 -7 -6 -5 -5 ---------- Run | Yrd Mat Mat Min Mat Sto Fac Fac Fac Upp Machines Disabled 12 | . 1 1 . . 3 . 4 2 1 Max in Single Turn 1 | . 1 1 . . 1 . 1 1 1 Machines Repaired . | . . . . . . . . . . Machines Dismantled . | . . . . . . . . . . Machines Sabotaged . | . . . . . . . . . . Overloaded Fab Kills . | . . . . . . . . . . Hacking | -11 -10 -9 -9 -8 -8 -7 -6 -5 -5 --------- Run | Yrd Mat Mat Min Mat Sto Fac Fac Fac Upp Machines Accessed 30 | . 4 4 1 5 8 2 5 1 . Terminals 22 | . 4 3 . 4 7 2 1 1 . Fabricators 3 | . . . . . . . 3 . . Repair Stations . | . . . . . . . . . . Recycling Units 3 | . . 1 . 1 1 . . . . Scanalyzers 1 | . . . . . . . 1 . . Garrison Access . | . . . . . . . . . . Total Hacks 64 | . 10 7 1 9 18 5 11 3 . Successful 32 | . 6 5 1 6 6 . 8 . . Failed 32 | . 4 2 . 3 12 5 3 3 . Catastrophic 7 | . 1 1 . 1 2 1 . 1 . Database Lockouts . | . . . . . . . . . . Manual 18 | . 5 1 . 2 3 2 5 . . Terminals 46 | . 10 5 . 5 16 5 2 3 . Fabricators 6 | . . . . . . . 6 . . Repair Stations . | . . . . . . . . . . Recycling Units 8 | . . 2 . 4 2 . . . . Scanalyzers 3 | . . . . . . . 3 . . Garrison Access . | . . . . . . . . . . Terminal Hacks 18 | . 3 3 1 5 4 . 2 . . Part Schematic 1 | . . . . 1 . . . . . Robot Analysis 1 | . . . . . . . 1 . . Prototype ID Bank 1 | . . . . 1 . . . . . Open Door 4 | . . . 1 . 3 . . . . Emergency Access Points 2 | . 1 . . 1 . . . . . Alert Level 3 | . . 1 . 1 1 . . . . Locate Traps 2 | . 1 . . 1 . . . . . Recall Reinforcements 1 | . . 1 . . . . . . . Zone Layout 3 | . 1 1 . . . . 1 . . Fabricator Hacks 1 | . . . . . . . 1 . . Network Status 1 | . . . . . . . 1 . . Repair Station Hacks . | . . . . . . . . . . Recycling Unit Hacks 5 | . . 2 . 1 2 . . . . Report Inventory 3 | . . 1 . 1 1 . . . . Retrieve Components 2 | . . 1 . . 1 . . . . Scanalyzer 2 | . . . . . . . 2 . . Insert Component 1 | . . . . . . . 1 . . Analyze 1 | . . . . . . . 1 . . Garrison Access Hacks . | . . . . . . . . . . Unauthorized Hacks 6 | . 3 . . . . . 3 . . Terminals 3 | . 3 . . . . . . . . Track 1 | . 1 . . . . . . . . Botnet 2 | . 2 . . . . . . . . Fabricators 3 | . . . . . . . 3 . . Download 3 | . . . . . . . 3 . . Repair Stations . | . . . . . . . . . . Recycling Units . | . . . . . . . . . . Scanalyzers . | . . . . . . . . . . Garrison Access . | . . . . . . . . . . Data Cores Recovered . | . . . . . . . . . . Used . | . . . . . . . . . . Hacking Detections 20 | . 3 3 . 1 8 1 3 1 . Full Trace Events 2 | . . 1 . . 1 . . . . Feedback Events . | . . . . . . . . . . Feedback Blocked . | . . . . . . . . . . Robot Schematics Acquired 1 | . . . . . . . 1 . . Robots Built . | . . . . . . . . . . Authchips . | . . . . . . . . . . Time . | . . . . . . . . . . Total Robot Build Rating . | . . . . . . . . . . Part Schematics Acquired 2 | . . . . 1 . . 1 . . Parts Built . | . . . . . . . . . . Authchips . | . . . . . . . . . . Time . | . . . . . . . . . . Total Part Build Rating . | . . . . . . . . . . Parts Repaired . | . . . . . . . . . . Time . | . . . . . . . . . . Parts Recycled . | . . . . . . . . . . Recycled Matter . | . . . . . . . . . . Retrieved Matter . | . . . . . . . . . . Retrieved Components 13 | . . 10 . . 3 . . . . Parts Scanalyzed 1 | . . . . . . . 1 . . Part Schematics Acquired 1 | . . . . . . . 1 . . Parts Damaged . | . . . . . . . . . . Bothacking | -11 -10 -9 -9 -8 -8 -7 -6 -5 -5 ------------ Run | Yrd Mat Mat Min Mat Sto Fac Fac Fac Upp Used RIF Installer . | . . . . . . . . . . Robots Hacked . | . . . . . . . . . . Non-combat . | . . . . . . . . . . Combat . | . . . . . . . . . . Robot Hacks Applied . | . . . . . . . . . . Relay Couplers Released . | . . . . . . . . . . Fabnet Peak Effective % . | . . . . . . . . . . Robots Rewired . | . . . . . . . . . . Allies Hacked . | . . . . . . . . . . Hacks Repelled . | . . . . . . . . . . Allies | -11 -10 -9 -9 -8 -8 -7 -6 -5 -5 -------- Run | Yrd Mat Mat Min Mat Sto Fac Fac Fac Upp Total Allies 10 | . . . . . 10 . . . . Largest Group 10 | . . . . . 10 5 . . . Highest-Rated Group 173 | . . . . . 173 93 . . . Highest-Rated Ally 29 | . . . . . 29 29 . . . Total Orders . | . . . . . . . . . . Ally Attacks 125 | . . . . . 91 34 . . . Total Damage 1554 | . . . . . 1187 367 . . . Kills 12 | . . . . . 10 2 . . . Allies Corrupted . | . . . . . . . . . . Allies Melted . | . . . . . . . . . . Intel | -11 -10 -9 -9 -8 -8 -7 -6 -5 -5 ------- Run | Yrd Mat Mat Min Mat Sto Fac Fac Fac Upp Active Infowar (turns) 5656 | . . 135 631 357 888 970 1805 383 487 Optics 474 | . . . . 63 311 100 . . . Sensors 487 | . . . . . . . 438 . 49 IFF 1154 | . . . . . . . 284 383 487 Terrain 2421 | . . 135 631 269 . 18 506 383 479 Traps 142 | . . . . . . . 142 . . T.N.C. 2559 | . . . . . . 922 1637 . . Machine Analysis 2177 | . . . . 88 888 967 234 . . ECM 819 | . . . . . . 29 . 361 429 Robot Analysis Total 1 | . . . . . . . 1 . . Derelict Logs Recovered 2 | . . . 2 . . . . . . Drone Launches 2 | . . . . . 2 . . . . Drone Recoveries . | . . . . . . . . . . Exploration | -11 -10 -9 -9 -8 -8 -7 -6 -5 -5 ------------- Run | Yrd Mat Mat Min Mat Sto Fac Fac Fac Upp Turns Passed 7556 | 114 704 874 631 621 888 1049 1805 383 487 Spaces Moved 3699 | 25 470 369 238 262 390 559 958 170 258 Core . | . . . . . . . . . . Treads 1280 | . . . . . 280 535 37 170 258 Legs 1258 | 25 470 369 238 74 . 24 58 . . Wheels 1161 | . . . . 188 110 . 863 . . Hover . | . . . . . . . . . . Flight . | . . . . . . . . . . Fastest Speed 115 | 120 120 120 120 120 145 145 115 160 160 Average Speed 141 | 120 120 124 120 176 147 150 140 160 160 Slowest Speed 305 | 120 120 190 120 265 305 225 240 160 160 Overloaded Moves . | . . . . . . . . . . Propulsion Burnouts . | . . . . . . . . . . Robots Hopped . | . . . . . . . . . . Potential Cave-ins . | . . . . . . . . . . Cave-ins Triggered . | . . . . . . . . . . Exploration Rate (%) 35 | 2 81 41 52 28 50 19 29 5 46 Regions Visited 9 Branch Regions 3 Pre-discovered Areas 1 | . . . 1 . . . . . . Known Exits Taken 1 | . . . . . 1 . . . . Unknown Exits Taken 8 | 1 1 1 1 1 . 1 1 1 . Scrap Searched 3 | . . . 1 . . . . . 2 Spaces Dug 70 | . 3 13 . 3 2 23 15 10 1 Terrain Destroyed 135 | . 3 13 . 3 15 23 34 22 22 Melee 70 | . 3 13 . 3 2 23 15 10 1 Projectile 14 | . . . . . . . 5 . 9 AOE 51 | . . . . . 13 . 14 12 12 Terrain Rammed . | . . . . . . . . . . Walls Destroyed . | . . . . . . . . . . Machines Disabled . | . . . . . . . . . . Actions | -11 -10 -9 -9 -8 -8 -7 -6 -5 -5 --------- Run | Yrd Mat Mat Min Mat Sto Fac Fac Fac Upp Total 5167 | 87 553 601 578 351 580 658 1229 238 292 Wait 674 | 50 17 85 338 24 40 9 70 34 7 Move 3690 | 24 469 368 237 261 389 558 957 169 258 Hop . | . . . . . . . . . . Pick Up 69 | 1 8 5 . 10 16 6 19 4 . Fast Attach 35 | . 3 3 . 5 11 . 10 . 3 Attach 32 | . . 3 . 3 . 6 12 4 4 Detach 11 | . . 1 . 2 2 1 5 . . Swap 96 | . 3 17 . 8 22 17 25 2 2 Drop 81 | . 12 12 . 2 27 3 25 . . Fire 323 | 12 30 71 3 32 62 19 72 9 13 Melee 154 | . 11 36 . 4 9 39 34 16 5 Ram 1 | . . . . . 1 . . . . Kick . | . . . . . . . . . . Crush . | . . . . . . . . . . Escape Stasis . | . . . . . . . . . . Rewire 1 | . . . . . 1 . . . . Trap . | . . . . . . . . . . Miscellaneous . | . . . . . . . . . . Route ------- -11/Scrapyard -10/Materials (discovered 3 exits: *Mat x2 / [*Min]) -9/Materials (discovered 2 exits: *Min x2) -9/Mines -8/Materials (discovered 3 exits: *Fac x2 / *Sto) -8/Storage -7/Factory (discovered 2 exits: *Fac x2) -6/Factory (discovered 2 exits: *Fac / [*Low]) -5/Factory -5/Upper Caves History --------- Turn | Location | Event 11 | -11/Scrapyard | Discovered new exit (range 2) 115 | -11/Scrapyard | Entered Materials 283 | -10/Materials | Met 8R-AWN 293 | -10/Materials | Discovered new exit (range 11) 315 | -10/Materials | Build established: Mutant 673 | -10/Materials | Discovered new exit (range 10) 782 | -10/Materials | Discovered new exit (range 15) 819 | -10/Materials | Entered another Materials area 819 | -9/Materials | Evolved 2 slots: Propulsion x1, Utility x1 1051 | -9/Materials | Discovered new exit (range 12) 1487 | -9/Materials | Discovered new exit (range 9) 1591 | -9/Materials | Build established: Scavenger-Mutant 1693 | -9/Materials | Entered Mines 1702 | -9/Mines | Met a Derelict who couldn't figure out how to use a Trap Extractor 1752 | -9/Mines | Assembled infested the area 1787 | -9/Mines | Learned location of 1 exit from Materials 2269 | -9/Mines | Learned location of Zion (-7) 2319 | -9/Mines | Discovered new exit (range 5) 2324 | -9/Mines | Entered Materials 2324 | -8/Materials | Evolved 2 slots: Utility x1, Weapon x1 2325 | -8/Materials | Identified exit to Factory 2665 | -8/Materials | Discovered exit to Factory (range 7) 2924 | -8/Materials | Discovered new exit (range 7) 2945 | -8/Materials | Entered Storage 3631 | -8/Storage | Assisted by bots powering up and referring to "LRC-V3" 3689 | -8/Storage | Met 01-MTF 3745 | -8/Storage | First assault squad dispatched 3779 | -8/Storage | Discovered exit to Factory (range 9) 3795 | -8/Storage | Lost 7 allies 3833 | -8/Storage | Entered Factory 3833 | -7/Factory | Accompanied by 6 allies (01-MTF) 3833 | -7/Factory | Evolved 2 slots: Utility x2 3836 | -7/Factory | 01-MTF left 3901 | -7/Factory | Discovered new exit (range 15) 4039 | -7/Factory | Garrison activated, responded to threat 4082 | -7/Factory | Lost 4 allies 4671 | -7/Factory | Cargo convoy interrupted 4842 | -7/Factory | Discovered new exit (range 16) 4882 | -7/Factory | Entered another Factory area 4882 | -6/Factory | Evolved 2 slots: Power x1, Propulsion x1 5119 | -6/Factory | System corruption reached 10% 5149 | -6/Factory | Lost 3 parts (3u) 5408 | -6/Factory | Discovered new exit (range 5) 5920 | -6/Factory | Garrison activated, responded to threat 5954 | -6/Factory | Noticed a derelict Sapper rigging charges 6661 | -6/Factory | Discovered new exit (range 12) 6687 | -6/Factory | Entered another Factory area 6687 | -5/Factory | Evolved 2 slots: Utility x2 6982 | -5/Factory | Build established: Assassin 7046 | -5/Factory | Discovered new exit (range 14) 7070 | -5/Factory | Entered Upper Caves 7086 | -5/Upper Caves | Encountered a Warlord checkpoint 7310 | -5/Upper Caves | Build established: Skirmisher 7506 | -5/Upper Caves | Attracted the attention of an 0b10 outpost 7550 | -5/Upper Caves | System corruption reached 10% 7557 | -5/Upper Caves | Self-destructed Last Messages --------------- 07540_ Acquired 4 matter. 07540_ Z#Q0FFTA0=M>X|WPAZREQ:L9DAQNB 07541_ Rnf. Fission Core fries itself beyond repair. 07544_ Acquired 4 matter. 07546_ Machine disabled. 07547_ Acquired 4 matter. 07548_ Hvy. EM Shotgun destroyed. 07549_ Overheating: Terrain Scanner damaged (-8). 07549_ Overheating: Hpw. Tractor Beam damaged (-7). 07549_ Terrain Scanner destroyed. 07549_ System corrupted by crushing effect (+3). 07550_ Chain reaction triggered in Rnf. Fission Core. 07551_ Overheating: IFF Parser damaged (-3). 07555_ Acquired 6 matter. 07555_ Overheating: Med. Treads damaged (-10). 07556_ Overheating: System interference. 07556_ Tesla Rifle temporarily disabled. 07556_ Terrain Scan Processor temporarily disabled. 07556_ Med. Treads destroyed. 07557_ Overheating: Matter decay (-47). Map ----- +----------------------------------------------------+ | ?????????????????????????????????????? ???????? | | ??????????????????????????????????????# ???????? | | ?????????????????????????????????????## ???????# | | ?????????????????????????????????##??## ?? ???# | | ?????????????????????????????????????# ???#???? | | ?????????????????????????????????????# ##??##?? | | ?????????????????????????????????????# ##??????? | | ?????????????????????????????#???????? ###?????? | | ??????????????????????????????? ???#?#?# ###???## | | ????????????????????????????????#?#???## ###### | | ?????????????????????????????????####?## | | ?????????????????????????#????????#"""## | | ????????????????????????#??? ?????#""" | | ???????????????????#?#??????? ?#?##""" | | ?????????????????????#?#?? ?? #?##""" | | ?????????????????????#??#????? ?#?#"""## | | ???????????????? ???##?# ? ? ?#?###?## | | ??????????????? ???????????? ???## ### ### | | ?????????????? ???? #?#? ? ? ?##### #?# ### # | | ??????????????#????? ###? ?? ;## #?## #### # | | ????????????#?????#?? ?#?#?## ########?# # | | ????????????? ??###? ?######; ? ##?##### # | | ????????????????#??# ?###### ##???# ####### # | | ?????????? ???# ### #####?# #### | | ?????????? ##;; ;;####??# ## | | ?????????? g @b =;#?### # | | ???????????? ?? ?# ###;; ; ####### ## | | ?????????????? #?? ??#"" ; ## #? | | ???????????????#?#? ?# g"#[## ## | | ?????????????##?### ## "# ;# ### ## ## | | ?????????????##### ? "# ## #### ## # | | ????????????????#? # ? "#[%# #??## # | | ??????????????? ## # ? ? "#%[ ##??# # | | ????????????????## ?##???###* #??# # | | ?????????????????# ? ? ??? ### | | ?????????????????#???#?#?## ## ### ### | | ????????????????????##??####### ##??# #?? | | ???????????????????? #?#?####?## ##??# ? | | ???????????????????? ????####??# ?? ?? | | ??????????????????????? ????### ?? ? | | ????????????????????????????#?? ####? ?? | | ????????????????????????????? ? ###????? ? ???? | | ??????????????????????? ??????? ##?????????????? | | ????????????????????????##?????#####?????????????? | | ?????????????????????????????????????????????????? | | ?????????????????????????????????????????????????? | | ?????????????????????????????????????????????????? | | ?????????????????????????????????????????????????? | | ?????????????????????????????????????????????????? | | ?????????????????????????????????????????????????? | +----------------------------------------------------+ Best States ------------- Heat Dissipation 51 Energy Generation 38 Energy Capacity 900 Matter Stores 300 Matter Capacity 300 Sight Range 20 Robot Scan Range 16 Terrain Scan Range 14 Terrain Scan Density 85 ECM Strength 2 Armor Coverage 600 Weapon Cycling 15 Phase Shifting 5 Evasion (%) 55 Targeting Accuracy 6 Core Analysis 6 Recoil Reduction 4 Force Boost 20 Offensive Hacking 10 Item Schematics ----------------- Titanium Leg | -8/Materials | Hacked Terrain Scanner | -6/Factory | Scanalyzed Robot Schematics ------------------ Y-54 Guardian | -6/Factory | Downloaded Fabricated ------------ Nothing Repaired ---------- Nothing Alien Tech Used ----------------- None Achievements -------------- None Challenges ------------ None Game ------ Seed MasterSurveybotTelecube Manual? 0 Play Time 01:57:03 Cumulative 190.5 hours Start 2025.06.27 @ 18:19:07 End 2025.09.08 @ 15:59:44 Sessions 15 Manual Loads 0 Difficulty Rogue Special Mode None Game No. 340 Rogue 336 Adventurer 0 Explorer 4 Win Type - Total 0 Types 0/0/0/0/0/0/0/0/0/0 Lore% 20 Gallery% 43 Achievement% 35 Wizard Run 0 Options --------- Layout 1 ASCII 0 Keyboard 1 Movement Arrows Keybinds 0 Fullscreen 0 Font 28/SmallcapsGlow Map View 150x39 Zoom Use 0% Tactical HUD 1 Map Filters NONE Filters NONE Steam 0 RUN: f9274458-746f-4a34-9fbd-0669d4fb168c